 Dungeon Crawl Stone Soup version 0.30-a0-956-gcec3b41aec (webtiles) character file.

Game seed: 10329181795502499131

144 dredge the Shield-Bearer (level 5, 0/41 HPs)
             Began as a Human Fighter on Mar 29, 2023.
             Slain by a gnoll
             ... wielding a +0 halberd
             ... led by a gnoll bouda
              (9 damage)
             ... on level 3 of the Dungeon.
             The game lasted 00:06:03 (1482 turns).

dredge the Shield-Bearer (Human Fighter)            Turns: 1482, Time: 00:06:04

Health: 0/41       AC:  8    Str: 18    XL:     5   Next: 51%
Magic:  5/5        EV: 14    Int:  9    God:
Gold:   166        SH:  4    Dex: 12    Spells: 4/4 levels left

rFire   . . .      SeeInvis .    e - +0 hand axe (flame)
rCold   . . .      Faith    .    c - +0 buckler
rNeg    . . .      Spirit   .    b - +0 scale mail
rPois   .          Reflect  .    (no helmet)
rElec   .          Rampage  .    (no cloak)
rCorr   .                        f - +0 pair of gloves
Will    .....                    (no boots) Stlth
                                 (no amulet)
HPRegen 0.26/turn                l - +5 ring of evasion
MPRegen 0.09/turn                (no ring)

@: no status effects
A: no striking features
a: no special abilities


You were on level 3 of the Dungeon.
You visited 1 branch of the dungeon, and saw 3 of its levels.

You collected 166 gold pieces.

Inventory:

Hand Weapons
 a - a +0 long sword
 e - a +0 hand axe of flaming (weapon)
Armour
 b - a +0 scale mail (worn)
 c - a +0 buckler (worn)
 f - a +0 pair of gloves (worn)
Jewellery
 k - a ring of ice
 l - a +5 ring of evasion (left hand)
Scrolls
 g - 2 scrolls of torment {unknown}
 h - 2 scrolls of blinking {unknown}
 i - 2 scrolls of teleportation {unknown}
 j - a scroll of fear {unknown}
 n - a scroll of identify {unknown}
 o - a scroll of poison {unknown}
Potions
 d - a potion of might
 m - a potion of mutation {unknown}


   Skills:
 + Level 3.5 Fighting
 + Level 2.7 Long Blades
 + Level 2.2 Axes
 + Level 3.5 Armour
 + Level 1.0 Dodging
 + Level 0.3 Stealth
 + Level 3.6 Shields


You had 4 spell levels left.
You didn't know any spells.
Your spell library contained the following spells:

 Spells                   Type           Power      Damage    Failure   Level
 Necrotise                Necr           0%         1d4       86%         1
 Slow                     Hex            0%         N/A       86%         1
 Cigotuvi's Dreadful Rot  Necr/Pois/Air  0%         N/A       94%         2
 Poisonous Vapours        Pois/Air       0%         N/A       94%         2
 Call Canine Familiar     Summ           0%         N/A       99%         3
 Dazzling Flash           Conj/Hex       0%         N/A       99%         3
 Mephitic Cloud           Conj/Pois/Air  0%         N/A       99%         3
 Portal Projectile        Hex/Tloc       0%         N/A       99%         3
 Vampiric Draining        Necr           0%         2d6       99%         3
 Vhi's Electric Charge    Tloc/Air       0%         N/A       99%         3
 Iskenderun's Mystic Bla  Conj/Tloc      0%         2d3       100%        4
 Leda's Liquefaction      Hex/Erth       0%         N/A       100%        4
 Agony                    Necr           0%         N/A       100%        5
 Starburst                Conj/Fire      0%         6d3       100%        6


Dungeon Overview and Level Annotations

Branches:
Dungeon (3/15)

Altars:

Shops:
D:1 =


Message History

The gnoll hits you with a +0 whip. The gnoll closely misses you.
You barely miss the gnoll.
The gnoll is lightly wounded.
The gnoll is no longer moving quickly. x2
The gnoll hits you from afar with a +0 halberd.
The gnoll barely misses you. You block the gnoll's attack.
You hit the gnoll. You burn the gnoll.
You kill the gnoll!
You hit the gnoll but do no damage.
The gnoll throws a throwing net.
The throwing net closely misses you.
The gnoll bouda barks out a call to the hunt!
The gnolls pick up the pace!
The gnoll misses you. The gnoll completely misses you.
Your Axes skill increases to level 2!
You completely miss the gnoll.
The gnoll is lightly wounded.
The gnoll misses you. The gnoll barely misses you.
The gnoll hits you from afar with a +0 halberd.
You closely miss the gnoll.
The gnoll is lightly wounded.
You hit the gnoll bouda but do no damage.
The gnoll bouda misses you. The gnoll closely misses you.
The gnoll completely misses you. The gnoll barely misses you.
You slash the gnoll! You burn the gnoll.
You kill the gnoll!
You hit the gnoll bouda. You burn the gnoll bouda.
The gnoll is no longer moving quickly.
The gnoll bouda misses you.
The gnoll closely misses you. x2; The gnoll bouda barely misses you.
You hit the gnoll bouda. You burn the gnoll bouda.
The gnoll bouda is heavily wounded.
The gnoll misses you. The gnoll closely misses you.
The gnoll bouda hits you with a +0 whip.
* * * LOW HITPOINT WARNING * * *
The gnoll closely misses you. x2
You barely miss the gnoll bouda.
The gnoll bouda is heavily wounded.
The gnoll bouda hits you with a +0 whip.
* * * LOW HITPOINT WARNING * * *
The gnoll hits you from afar with a +0 halberd!
You die...

#.######.......###
#.#####.
#.##.....#######
....... #.##.###.#
....... #.##.# #.#
#######
#.##.###.###########
#.##.##..........).##
#
#.##...........g)g.g#
###
#.#####..#.#####g#..#
#..
#.#####..#.##..)@#.g#
#.#
..#.รท....#.##.####..#
#.#
....###.##.##.##.#..#
#.. #####
#.##.##.......###.#
#.#
#.##.###.#........#
#..
#.##.......)..#####
#.# #.########.#.##
#.# #.########<#.# #.#
####............# #.#


You could see a gnoll bouda and 2 gnolls.

Vanquished Creatures
  An orc wizard (D:3)
  3 gnolls (D:3)
  2 adders (D:2)
  A worm (D:2)
  3 dart slugs
  4 orcs (D:3)
  4 ball pythons
  3 endoplasms
  3 giant cockroaches
  5 hobgoblins
  3 jackals (D:1)
  3 quokkas
  4 bats
  3 frilled lizards (D:2)
  6 goblins
  5 kobolds
  5 rats
58 creatures vanquished.

Notes
Turn   | Place    | Note
-------+----------+-------------------------------------------
     0 | D:1      | dredge the Human Fighter began the quest for the Orb.
     0 | D:1      | Reached XP level 1. HP: 18/18 MP: 1/1
    30 | D:1      | Reached XP level 2. HP: 24/24 MP: 2/2
   126 | D:1      | Found Boklemm's Jewellery Shop.
   519 | D:2      | Reached XP level 3. HP: 29/29 MP: 3/3
   778 | D:2      | Reached XP level 4. HP: 31/35 MP: 4/4
  1010 | D:3      | Reached skill level 1 in Axes
  1043 | D:3      | Reached XP level 5. HP: 39/41 MP: 5/5
  1208 | D:3      | Reached skill level 1 in Dodging
  1358 | D:3      | Got the Commentary on Misfortune and Austromancy
  1482 | D:3      | Slain by a gnoll

Illustrated notes

Levels and vault maps discovered:
D:1:      co_arrival_square_in_a_square_in_a_square, layout_rooms, serial_shops,
          nicolae_shop_advertising_works [nicolae_subvault_shop_adworks],
          kennysheep_another_room
D:2:      layout_rooms
D:3:      layout_loops_ring, riverfiend_overflow_shadow_ancestor

Skill      XL: |  1  2  3  4  5 |
---------------+----------------+-----
Axes           | 1 2 |  2.2
Dodging        | 1 |  1.0
Fighting       | |  3.5
Long Blades    | |  2.7
Armour         | |  3.5
Stealth        | |  0.3
Shields        | |  3.6

Action                     |  1- 3 |  4- 6 || total
---------------------------+-------+-------++-------
  Melee: Hand axe          |    81 |    83 ||   164
         Long sword        |     4 |       ||     4
 Armour: Scale mail        |    43 |    21 ||    64
  Dodge: Dodged            |    45 |    77 ||   122
  Block: Buckler           |    29 |    22 ||    51

Table legend: (Time is in decaauts)
 A = Elapsed time spent in this place.
 B = Non-inter-level travel time spent in this place.
 C = Inter-level travel time spent in this place.
 D = Time resting spent in this place.
 E = Time spent auto-exploring this place.
 F = Levels seen in this place.
 G = Mean time per level.
                   A        B        C        D        E       F      G
               +--------+--------+--------+--------+--------+-----+--------+
         Total |   1530 |   1474 |     56 |      0 |   1088 |   3 |  510.0 |
       Dungeon |   1530 |   1474 |     56 |      0 |   1088 |   3 |  510.0 |
               +--------+--------+--------+--------+--------+-----+--------+

Top non-repeatable levels by time:
     D:3: 571 daAuts
     D:1: 508 daAuts
     D:2: 450 daAuts
